 Dungeon Crawl Stone Soup version 0.29.0-13-gc9e81de378 (console) character file.

Game seed: 2962615752335535341

119 odiv the Scholar of Death (level 4, -2/28 (30) HPs)
             Began as a Demonspawn Wanderer on Sept 10, 2022.
             Was a Follower of Kikubaaqudgha.
             Slain by a black bear (4 damage)
             ... on level 4 of the Dungeon.
             The game lasted 00:09:22 (2733 turns).

odiv the Scholar of Death (Demonspawn Wanderer)     Turns: 2733, Time: 00:09:22

HP:   -2/28 (30)    AC:  2    Str: 11    XL:     4   Next: 73%
MP:   0/7           EV: 15    Int: 17    God:    Kikubaaqudgha [*.....]
Gold: 279           SH:  0    Dex: 12    Spells: 4/7 levels left

rFire   + + +      SeeInvis +   a - +5 short sword {vorpal, *Slow rF+++ SInv Stlth-}
rCold   . . .      Faith    +   (no shield)
rNeg    . . .      Spirit   +   c - +0 robe
rPois   .          Reflect  .   (no helmet)
rElec   .          Harm     .   (no cloak)
rCorr   .          Rampage  .   (no gloves)
Will    .....                   (no boots)
Stlth   +.........              r - amulet of faith
HPRegen 0.09/turn               m - ring of flight
MPRegen 0.20/turn               q - +4 ring of evasion

@: flying, drained
A: magic shield, magic regeneration
a: Renounce Religion, Unearth Wretches


You were on level 4 of the Dungeon.
You worshipped Kikubaaqudgha.
Kikubaaqudgha was aware of your devotion.
You visited 1 branch of the dungeon, and saw 4 of its levels.

You collected 279 gold pieces.

Inventory:

Hand Weapons
 a - the +5 short sword of Compassion (weapon) {vorpal, *Slow rF+++ SInv Stlth-}
   (You found it on level 3 of the Dungeon)

   It inflicts extra damage upon your enemies.
   rF:        It renders you almost immune to fire.
   SInv:      It lets you see invisible.
   *Slow:     It may slow you when you take damage.
   Stlth:     It makes you less stealthy.
 b - a +0 shortbow
 w - a +0 sling
 z - a +0 dagger
 D - a +0 spear
Missiles
 j - 42 stones
 y - 4 poisoned darts
Armour
 c - a +0 robe (worn)
 f - a +0 cloak
Magical Staves
 A - a staff of death
Jewellery
 m - a ring of flight (left hand)
 q - a +4 ring of evasion (right hand)
 r - an amulet of faith (around neck)
Wands
 d - a wand of polymorph (7) (quivered)
Scrolls
 i - 3 scrolls of amnesia
 k - a scroll of magic mapping {unknown}
 l - a scroll of teleportation
 n - a scroll of fear {unknown}
 o - 4 scrolls of identify
 p - a scroll of enchant weapon {unknown}
 x - a scroll of vulnerability
 B - a scroll of summoning {unknown}
 E - 3 scrolls of poison
Potions
 e - a potion of haste {unknown}
 g - 4 potions of flight {unknown}
 h - a potion of heal wounds {unknown}
 s - a potion of might {unknown}
 t - a potion of magic {unknown}
 u - a potion of curing
 v - a potion of brilliance {unknown}
 C - a potion of cancellation {unknown}
 F - 2 potions of ambrosia {unknown}


   Skills:
 - Level 1.0 Armour
 - Level 1.0 Dodging
 - Level 1.0 Stealth
 - Level 2.0 Spellcasting
 - Level 3.0 Conjurations
 + Level 3.3 Necromancy
 - Level 3.0 Fire Magic
 - Level 1.0 Evocations


You had 4 spell levels left.
You knew the following spells:

 Your Spells              Type           Power      Damage    Failure   Level
a - Foxfire               Conj/Fire      44%        2x1d6     5%          1
b - Magic Dart            Conj           44%        1d5       5%          1
c - Necrotise             Necr           52%        1d6       4%          1

Your spell library contained the following spells:

 Spells                   Type           Power      Damage    Failure   Level
 Vampiric Draining        Necr           13%        2d6       14%         3
 Conjure Flame            Conj/Fire      11%        6-21      17%         3
 Call Imp                 Summ           1%         N/A       28%         2
 Mephitic Cloud           Conj/Pois/Air  5%         N/A       36%         3
 Animate Dead             Necr           13%        N/A       43%         4
 Sticky Flame             Conj/Fire      11%        2d3       50%         4
 Anguish                  Hex/Necr       3%         N/A       67%         4


Dungeon Overview and Level Annotations

Branches:
Dungeon (4/15)
 Temple: D:4-7

Altars:
Gozag
Kikubaaqudgha

Shops:
D:2 :

Annotations:
D:3 2 transporters, Itachiuchiha's ghost, amateur GnTm


Innate Abilities, Weirdness & Mutations

When hurt, damage is shared between your health and your magic reserves.
You regenerate magic rapidly.


Message History

You closely miss the black bear.
The black bear is heavily wounded.
The foxfire hits the black bear.
The black bear is heavily wounded.
The foxfire hits the black bear.
The black bear is severely wounded.
The black bear bites you. The black bear claws you.
The black bear closely misses you. The endoplasm freezes you.
You are frozen.
Casting: Foxfire (safe; 5% risk of failure)
Confirm with . or Enter, or press ? or * to list all spells.
You conjure some foxfire!
The endoplasm closely misses you. The black bear misses you.
The black bear barely misses you. x2
Unknown command.
You hit the black bear.
The black bear is severely wounded.
The foxfire hits the black bear but does no damage.
The black bear is severely wounded.
The foxfire hits the black bear but does no damage.
The black bear is severely wounded.
The black bear goes berserk!
The endoplasm misses you.
Casting: Foxfire (safe; 5% risk of failure)
Confirm with . or Enter, or press ? or * to list all spells.
You conjure some foxfire!
The black bear misses you. The black bear barely misses you.
The black bear claws you. The endoplasm freezes you.
You are frozen.
Unknown command.
You barely miss the black bear.
The black bear is severely wounded.
The foxfire hits the black bear.
The black bear is almost dead.
The foxfire hits the black bear.
The black bear is almost dead.
The black bear bites you!
* * * LOW HITPOINT WARNING * * *
The black bear claws you.
You die...
Kikubaaqudgha rasps: "You have failed me!
Welcome... death!"

## #....#
####..........#..
##....#
###.###.......
#.....# ###
#..........#
#.....#
#.#######......####
#......#
##......##.).#### #
.......#
#..>.......†#### #
#.......#
#..............#
........#
#.§§...........#
#........#
#..@...........#
...#.....#
##..hJ..........#
#... #...##
#...............#
#......(........#
#.................
#..............##..
#..............# ##
#..............#
#.............##


You could see a black bear (berserk) and an endoplasm.

Vanquished Creatures
  6 adders
  2 dart slugs
  An orc (D:4)
  4 endoplasms
  2 giant cockroaches
  6 goblins
  4 hobgoblins
  4 jackals (D:4)
  9 kobolds
  A quokka (D:3)
  6 ball pythons
  7 bats
  2 frilled lizards
  5 rats
59 creatures vanquished.

Vanquished Creatures (others)
  149 foxfires
149 creatures vanquished.

Grand Total: 208 creatures vanquished

Notes
Turn   | Place    | Note
-------+----------+-------------------------------------------
     0 | D:1      | odiv the Demonspawn Wanderer began the quest for the Orb.
     0 | D:1      | odiv set off with the following items: a +0 dagger, a
                  | potion of curing, a +0 robe, a wand of polymorph (7); and
                  | the following spells available to memorise: Foxfire,
                  | Necrotise, Conjure Flame, Vampiric Draining, Sticky Flame.
     0 | D:1      | Reached XP level 1. HP: 13/13 MP: 3/3
     2 | D:1      | Learned a level 1 spell: Foxfire
    53 | D:1      | Learned a level 1 spell: Magic Dart
   171 | D:1      | Reached skill level 1 in Conjurations
   208 | D:1      | Gained mutation: You regenerate magic rapidly. [demonic
                  | ancestry]
   208 | D:1      | Reached XP level 2. HP: 19/19 MP: 1/5
   759 | D:2      | Reached XP level 3. HP: 19/24 MP: 3/6
  1069 | D:2      | Found Muqeabb's Book Shop.
  1323 | D:3      | Found a transporter.
  1328 | D:3      | Noticed Itachiuchiha's ghost (amateur GnTm)
  1330 | D:3      | Noticed a wight
  1332 | D:3      | Found an opulent altar of Gozag.
  1387 | D:3      | Identified the +5 short sword of Compassion {vorpal, *Slow
                  | rF+++ SInv Stlth-}
  1559 | D:3      | Found a transporter.
  1571 | D:3      | Found an ancient bone altar of Kikubaaqudgha.
  1581 | D:3      | Became a worshipper of Kikubaaqudgha
  1627 | D:3      | Learned a level 1 spell: Necrotise
  2022 | D:3      | Gained mutation: When hurt, damage is shared between your
                  | health and your magic reserves. [demonic ancestry]
  2022 | D:3      | Reached XP level 4. HP: 30/30 MP: 5/7
  2174 | D:4      | Reached * piety under Kikubaaqudgha
  2174 | D:4      | Received a gift from Kikubaaqudgha
  2274 | D:4      | Noticed an ogre
  2464 | D:4      | Noticed a necrophage
  2721 | D:4      | Noticed a black bear
  2733 | D:4      | Slain by a black bear

Illustrated notes

Levels and vault maps discovered:
D:1:      saegor_arrival_simple_b, layout_basic, minmay_ruptured
D:2:      layout_basic, serial_shops, shop, feat_on_display
D:3:      minmay_chambers_of_twos, layout_basic,
          mainiacjoe_overflow_tiny_flanked, mainiacjoe_overflow_chevrons,
          gammafunk_ghost_mausoleum
D:4:      layout_cave_pods, minmay_crystal_room, uniq_ijyb

Skill      XL: |  1  2  3  4 |
---------------+-------------+-----
Fire Magic     | 3 |  3.0
Conjurations   | 1 2 3 |  3.0
Necromancy     | 2 3 |  3.3
Armour         | |  1.0
Dodging        | |  1.0
Stealth        | |  1.0
Spellcasting   | |  2.0
Evocations     | |  1.0

Action                   |  1- 3 |  4- 6 || total
-------------------------+-------+-------++-------
Melee: Dagger            |    11 |       ||    11
       Short sword       |     9 |    15 ||    24
 Fire: Shortbow          |     2 |       ||     2
 Cast: Foxfire           |    67 |    22 ||    89
       Necrotise         |       |     5 ||     5
  Use: Scroll            |       |     4 ||     4
Armor: Robe              |     4 |     7 ||    11
Dodge: Dodged            |    23 |    43 ||    66
